 Seeded DCSS version 0.27-a0-1193-g8631133539 (webtiles) character file.

Game seed: 13914059042498094423 (custom seed)

269 karrick the Sneak (level 6, -4/43 HPs)
             Began as a Vampire Enchanter on May 27, 2021.
             Slain by an ufetubus (5 damage)
             ... on level 5 of the Dungeon.
             The game lasted 00:06:34 (3527 turns).

karrick the Sneak (Vampire Enchanter)               Turns: 3527, Time: 00:06:35

Health: -4/43      AC:  2    Str:  9    XL:     6   Next: 1%
Magic:  7/9        EV: 12    Int: 18    God:
Gold:   154        SH:  0    Dex: 14    Spells: 5/9 levels left

rFire    . . .     SeeInvis +   c - +1 dagger (freeze)
rCold    . . .     Faith    .   (no shield)
rNeg     . . .     Spirit   .   b - +0 robe
rPois    .         Reflect  .   (no helmet)
rElec    .         Harm     .   (no cloak)
rCorr    .         Rampage  .   (no gloves)
Will     .....                  (no boots)
Stlth    ++++......             (no amulet)
HPRegen  0.34/turn              (no ring)
MPRegen  0.11/turn              (no ring)

@: healing quickly
A: alive, fangs 3, see invisible, vampiric 2
a: Exsanguinate


You were on level 5 of the Dungeon.
You visited 1 branch of the dungeon, and saw 5 of its levels.

You collected 154 gold pieces.

Inventory:

Hand Weapons
 c - a +1 dagger of freezing (weapon)
Armour
 b - a +0 robe (worn)
Wands
 j - a wand of polymorph (10)
Scrolls
 f - 4 scrolls of teleportation {unknown}
 h - 2 scrolls of fear {unknown}
 i - a scroll of noise {unknown}
 k - a scroll of acquirement {unknown}
Potions
 a - a potion of cancellation {unknown}
 d - a potion of magic {unknown}
 e - a potion of resistance {unknown}
 g - a potion of mutation {unknown}


   Skills:
 + Level 1.0 Fighting
 + Level 2.2 Short Blades
 + Level 2.8 Dodging
 * Level 7.5 Stealth
 + Level 2.3 Spellcasting
 * Level 6.4 Hexes


You had 5 spell levels left.
You knew the following spells:

 Your Spells              Type           Power      Damage    Failure   Level
a - Corona                Hex            27%        N/A       1%          1
b - Confusing Touch       Hex            25%        N/A       3%          3

Your spell library contained the following spells:

 Spells                   Type           Power      Damage    Failure   Level
 Tukima's Dance           Hex            25%        N/A       3%          3
 Ensorcelled Hibernation  Hex/Ice        26%        N/A       7%          2
 Dazzling Flash           Conj/Hex       26%        N/A       14%         3
 Magic Dart               Conj           8%         1d3       17%         1
 Searing Ray              Conj           4%         3d3       26%         2
 Fulminant Prism          Conj/Hex       6%         3d7       43%         4
 Gell's Gravitas          Tloc           1%         N/A       45%         3
 Metabolic Englaciation   Hex/Ice        6%         N/A       78%         5
 Yara's Violent Unravell  Hex/Tmut       6%         3d5       78%         5
 Iskenderun's Mystic Bla  Conj/Tloc      2%         2d3       86%         4
 Petrify                  Tmut/Erth      2%         N/A       86%         4


Dungeon Overview and Level Annotations

Branches:
Dungeon (5/15)
 Temple: D:4-7

Altars:
Dithmenos
Beogh

Shops:
D:4 [

Annotations:
D:3 3 runed translucent doors, ExiledBlood's ghost, weakling DDFi
D:4 2 runed translucent doors, Duvessa
D:5 Edmund; Grinder


Innate Abilities, Weirdness & Mutations

Your natural rate of healing is accelerated.
You have razor-sharp teeth.
You have supernaturally acute eyesight. (SInv)
You are afflicted with vampirism and can become a bat while bloodless.


Message History

The ufetubus hits you. x2
Casting: Confusing Touch (dangerous; 3% risk of failure)
Confirm with . or Enter, or press ? or * to list all spells.
Your hands begin to glow red.
The ufetubus hits you. The ufetubus closely misses you.
The ufetubus barely misses you.
The ufetubus hits you but does no damage.
You are too injured to fight recklessly!
You are too injured to fight recklessly!
You barely miss the ufetubus. The ufetubus barely misses you.
The ufetubus hits you.
You barely miss the ufetubus. The ufetubus hits you.
* * * LOW HITPOINT WARNING * * *
The ufetubus hits you.
* * * LOW HITPOINT WARNING * * *
The ufetubus hits you.
* * * LOW HITPOINT WARNING * * *
The ufetubus completely misses you.
Unknown command.
Okay, then.
Found a scroll labelled YMUTUKHL LE YCZYUS.
The ufetubus hits you but does no damage.
The ufetubus closely misses you. The ufetubus hits you.
* * * LOW HITPOINT WARNING * * *
The ufetubus misses you.
Okay, then.
An iguana comes into view.
Grinder comes into view.
The ufetubus hits you but does no damage.
The ufetubus barely misses you.
Grinder shouts!
Found 8 gold pieces.
The iguana completely misses you. The ufetubus hits you.
* * * LOW HITPOINT WARNING * * *
The ufetubus hits you.
* * * LOW HITPOINT WARNING * * *
Your hands stop glowing.
Grinder gestures at you.
You struggle to resist.
The ufetubus barely misses you. The ufetubus hits you.
You die...

....... #.... .......
#.... $.. ....... ....
##..# ....... #... #...#
......# .###... ##..#
#....# ....... ##...#
#...# #.....###?..#
##..#
#.....@##...####...# #
#......5lO........# ###
#......5.........(###..
...........#######......
........#..# ###...#
#......##... #..##
#...... ##..# #...#
#.#.... #..# #.... #...#
##.. #..#.


You could see Grinder, an ogre, an iguana and an ufetubus.

Vanquished Creatures
  A scorpion (D:4)
  A howler monkey (D:5)
  A centaur zombie (D:5)
  A bullfrog skeleton (D:5)
  An adder (D:3)
  An adder skeleton (D:4)
  4 worms
  2 dart slugs
  5 orcs
  5 bats
  6 endoplasms
  4 giant cockroaches (D:1)
  5 goblins
  5 hobgoblins
  6 jackals
  3 quokkas
  3 ball pythons
  4 frilled lizards
  6 kobolds
  18 rats
82 creatures vanquished.

Notes
Turn   | Place    | Note
-------+----------+-------------------------------------------
     0 | D:1      | karrick the Vampire Enchanter began the quest for the Orb.
     0 | D:1      | Reached XP level 1. HP: 13/13 MP: 3/3
   140 | D:1      | Found a faded altar of an unknown god.
   201 | D:1      | Reached skill level 5 in Hexes
   253 | D:1      | Reached XP level 2. HP: 19/19 MP: 5/5
   415 | D:1      | Reached skill level 5 in Stealth
   896 | D:2      | Gained mutation: You are afflicted with vampirism and can
                  | become a bat while bloodless. [Vampire growth]
   896 | D:2      | Reached XP level 3. HP: 24/24 MP: 6/6
   901 | D:2      | Learned a level 3 spell: Confusing Touch
   913 | D:2      | Found a shadowy altar of Dithmenos.
  1636 | D:3      | Found a runed translucent gate.
  1751 | D:3      | HP: 1/25 [poisoned by an adder]
  1767 | D:3      | Reached XP level 4. HP: 9/31 MP: 0/7
  2511 | D:3      | Found a runed translucent gate.
  2513 | D:3      | Found a runed translucent gate.
  2515 | D:3      | Noticed ExiledBlood's ghost (weakling DDFi)
  2518 | D:3      | Identified the +5 whip of the People {flame, rF+ rC++
                  | Int+3}
  2518 | D:3      | Identified the +4 scale mail "Toyxac Tasil" {rElec rPois
                  | rF- rC+++ Dex-5}
  2653 | D:4      | Found Jiwk's Armour Emporium.
  2655 | D:4      | Reached skill level 6 in Stealth
  2776 | D:4      | Noticed a scorpion
  2791 | D:4      | Killed a scorpion
  2792 | D:4      | Reached XP level 5. HP: 36/36 MP: 5/8
  2983 | D:4      | Found a large runed translucent door.
  2984 | D:4      | Found a large runed translucent door.
  2985 | D:4      | Noticed Duvessa
  3019 | D:5      | Entered Level 5 of the Dungeon
  3037 | D:5      | Reached skill level 7 in Stealth
  3311 | D:5      | Noticed Edmund
  3402 | D:5      | Reached skill level 1 in Fighting
  3402 | D:5      | Reached XP level 6. HP: 27/43 MP: 7/9
  3523 | D:5      | Noticed Grinder
  3525 | D:5      | HP: 2/43 [ufetubus (3)]
  3527 | D:5      | Slain by an ufetubus

Illustrated notes

Levels and vault maps discovered:
D:1:      dpeg_arrival_castle, layout_basic, chequers_ecumenical_altar_simple
D:2:      layout_rooms, basic_altar, minmay_rat_gold_closets
D:3:      layout_basic, biasface_ghost_orc_armoury
D:4:      layout_cave_pools, grunt_temple_overflow_open, jmf_multi_god_temple2,
          makhleb_heckhound_becter, serial_shops, nicolae_shop_waterfront,
          uniq_duvessa
D:5:      layout_layer_cave, minmay_temple_entry_waves, uniq_grinder,
          uniq_edmund

Skill      XL: |  1  2  3  4  5 |
---------------+----------------+-----
Hexes          | 5 6 |  6.4
Stealth        | 5 6 7 |  7.5
Short Blades   | 2 |  2.2
Fighting       | 1 |  1.0
Dodging        | |  2.8
Spellcasting   | |  2.3

Action                   |  1- 3 |  4- 6 || total
-------------------------+-------+-------++-------
Melee: Dagger            |   202 |   123 ||   325
       Bite              |    14 |    17 ||    31
 Cast: Confusing Touch   |     3 |    14 ||    17
  Use: Potion            |     2 |       ||     2
 Stab: Sleeping          |    15 |     7 ||    22
       Confused          |     3 |     6 ||     9
Armor: Robe              |    44 |    17 ||    61
Dodge: Dodged            |   135 |    75 ||   210

Table legend: (Time is in decaauts)
 A = Elapsed time spent in this place.
 B = Non-inter-level travel time spent in this place.
 C = Inter-level travel time spent in this place.
 D = Time resting spent in this place.
 E = Time spent auto-exploring this place.
 F = Levels seen in this place.
 G = Mean time per level.
                   A        B        C        D        E       F      G
               +--------+--------+--------+--------+--------+-----+--------+
         Total |   3508 |   3451 |     57 |      0 |   2611 |   5 |  701.6 |
       Dungeon |   3508 |   3451 |     57 |      0 |   2611 |   5 |  701.6 |
               +--------+--------+--------+--------+--------+-----+--------+

Top non-repeatable levels by time:
     D:3: 1224 daAuts
     D:1: 845 daAuts
     D:2: 555 daAuts
     D:5: 501 daAuts
     D:4: 381 daAuts
